[ AOE2 MATCH · #479726259 ]
UnrankedGurjaras vs Poles
[ REPLAY ANALYSIS · EXTRACTED FROM THE RECORDED GAME ]
Feudal
8:52
Castle
19:06
Imperial
33:24
| APM avg | 32.3 |
| APM peak | 66 |
| eAPM avg | 18.1 |
| Villagers / military | 129 / 431 |
Focus
⚔️ 50.1% · 🌾 49.9%
Scout Cavalry ×351 · Fire Galley ×27 · Fishing Ship ×22 · Chakram Thrower ×15 · Galley ×8 · Mangonel ×8
Feudal
10:18
Castle
22:58
Imperial
40:37
| APM avg | 40.0 |
| APM peak | 78 |
| eAPM avg | 20.2 |
| Villagers / military | 121 / 206 |
Focus
⚔️ 45.4% · 🌾 54.6%
Archer ×79 · Obuch ×78 · Battering Ram ×19 · Skirmisher ×14 · Fishing Ship ×12 · Trebuchet (Packed) ×6
Feudal
9:21
Castle
24:00
Imperial
42:50
| APM avg | 41.4 |
| APM peak | 95 |
| eAPM avg | 12.2 |
| Villagers / military | 135 / 192 |
Focus
⚔️ 31.5% · 🌾 68.5%
Steppe Lancer ×139 · Archer ×17 · Militia ×17 · Camel Scout ×9 · Iron Pagoda ×6 · Trebuchet (Packed) ×4
Feudal
11:51
Castle
15:27
Imperial
34:31
| APM avg | 32.9 |
| APM peak | 64 |
| eAPM avg | 17.7 |
| Villagers / military | 146 / 218 |
Focus
⚔️ 52.6% · 🌾 47.4%
Organ Gun ×140 · Caravel ×47 · Unknown (2626) ×22 · Fishing Ship ×16 · Monk ×8 · Trebuchet (Packed) ×7
Feudal
14:07
Castle
19:40
Imperial
—
| APM avg | 48.9 |
| APM peak | 110 |
| eAPM avg | 31.0 |
| Villagers / military | 127 / 32 |
Focus
⚔️ 63.6% · 🌾 36.4%
Unknown (2579) ×64 · Archer ×10 · Mangonel ×9 · Petard ×6 · Battering Ram ×5 · Unknown (2550) ×3
Feudal
9:30
Castle
20:56
Imperial
—
| APM avg | 40.0 |
| APM peak | 89 |
| eAPM avg | 20.3 |
| Villagers / military | 68 / 53 |
Focus
⚔️ 53.8% · 🌾 46.2%
Archer ×23 · Monk ×14 · Fishing Ship ×10 · Petard ×7 · Mangonel ×4 · Teutonic Knight ×4
Match map
Initial resources + every placement click. Lines = walls · curves = elevation contours. ◆ gold · ⬟ stone · ● berries · ✦ relic · ◌ wall gap
Your base· ✓ Map-separated
OIDA | onkyox's base· ✓ Map-separated
Fs.JonyBravo's base· ✓ Map-separated
OIDA | Tasty's base· ✓ Map-separated
Exile | I am Klecius Official's base· ✓ Map-separated
OIDA | Brix's base· ✓ Map-separated
Smoothed initial terrain · ◌ = detected wall gap · hover for details
Inputs per minute
— Five - - OIDA | onkyox
Build order — Five
First 150 of 488 actions detected
| 0:01 | Create | Villager (Male) |
| 0:02 | Build | House |
| 0:11 | Create | Villager (Male) ×3 |
| 1:15 | Create | Villager (Male) |
| 1:43 | Create | Villager (Male) |
| 1:55 | Build | Mill |
| 2:28 | Create | Villager (Male) |
| 2:53 | Create | Villager (Male) |
| 3:05 | Build | House |
| 3:17 | Create | Villager (Male) |
| 3:47 | Create | Villager (Male) |
| 3:47 | Create | Villager (Male) |
| 4:02 | Create | Villager (Male) |
| 4:28 | Build | Lumber Camp |
| 4:52 | Create | Villager (Male) |
| 5:14 | Build | House |
| 5:16 | Create | Villager (Male) |
| 5:44 | Create | Villager (Male) |
| 6:17 | Research | Loom |
| 6:33 | Research | Feudal Age |
| 7:11 | Build | Dock |
| 7:35 | Build | Mining Camp |
| 8:02 | Create | Fishing Ship |
| 8:06 | Build | House |
| 8:52 | Age | Feudal Age |
| 9:02 | Research | Double-Bit Axe |
| 9:10 | Create | Fire Galley |
| 9:36 | Create | Unit 2626 |
| 9:37 | Create | Villager (Male) |
| 9:38 | Create | Villager (Male) |
| 10:00 | Create | Villager (Male) |
| 10:09 | Build | House |
| 10:29 | Create | Villager (Male) |
| 10:41 | Create | Unit 2626 |
| 10:54 | Create | Villager (Male) |
| 11:05 | Build | Outpost |
| 11:07 | Research | Town Watch |
| 11:17 | Build | Dock |
| 11:37 | Create | Villager (Male) |
| 11:41 | Build | Outpost |
| 11:48 | Build | Outpost |
| 11:52 | Create | Villager (Male) |
| 11:57 | Create | Fishing Ship |
| 12:10 | Create | Villager (Male) |
| 12:21 | Create | Fishing Ship |
| 12:22 | Create | Fishing Ship |
| 12:22 | Create | Fishing Ship |
| 12:40 | Build | Outpost |
| 12:43 | Create | Villager (Male) |
| 13:03 | Build | Mill |
| 13:14 | Create | Villager (Male) |
| 13:27 | Build | House |
| 13:30 | Build | House |
| 13:31 | Build | House |
| 14:14 | Create | Villager (Male) |
| 14:40 | Create | Villager (Male) |
| 15:02 | Create | Villager (Male) |
| 15:09 | Build | Market |
| 15:30 | Create | Villager (Male) |
| 15:41 | Build | Blacksmith |
| 16:14 | Build | Mining Camp |
| 16:26 | Research | Castle Age |
| 16:42 | Build | House |
| 17:12 | Research | Scale Mail Armor |
| 17:32 | Build | House |
| 18:19 | Research | Forging |
| 19:06 | Age | Castle Age |
| 19:13 | Create | Villager (Male) |
| 19:23 | Build | Castle |
| 19:30 | Create | Villager (Male) |
| 19:31 | Research | Bow Saw |
| 19:37 | Research | Chain Mail Armor |
| 19:47 | Research | Tech 906 |
| 19:47 | Create | Fishing Ship |
| 19:49 | Create | Fishing Ship |
| 19:59 | Create | Villager (Male) |
| 20:24 | Create | Chakram Thrower |
| 20:27 | Build | Siege Workshop |
| 20:30 | Build | Lumber Camp |
| 20:31 | Create | Villager (Male) |
| 20:33 | Create | Chakram Thrower |
| 20:34 | Create | Chakram Thrower |
| 20:34 | Create | Chakram Thrower |
| 20:51 | Create | Villager (Male) |
| 20:56 | Create | Armored Elephant |
| 21:05 | Create | Villager (Male) |
| 21:19 | Create | Chakram Thrower |
| 21:21 | Create | Armored Elephant |
| 21:28 | Create | Fishing Ship |
| 21:28 | Create | Fishing Ship |
| 21:29 | Create | Fishing Ship |
| 21:29 | Create | Fishing Ship |
| 21:42 | Build | Outpost |
| 21:44 | Build | Outpost |
| 21:47 | Create | Armored Elephant |
| 21:48 | Create | Villager (Male) |
| 21:50 | Build | Farm |
| 22:15 | Create | Chakram Thrower |
| 22:24 | Create | Chakram Thrower |
| 22:43 | Create | Chakram Thrower |
| 22:59 | Create | Villager (Male) |
| 23:00 | Build | Farm |
| 23:02 | Build | Farm |
| 23:16 | Build | Outpost |
| 23:34 | Create | Villager (Male) |
| 23:36 | Build | Farm |
| 23:37 | Build | Farm |
| 23:49 | Build | Farm |
| 23:53 | Build | Town Center |
| 24:13 | Research | Wheelbarrow |
| 24:34 | Build | Town Center |
| 24:47 | Create | Villager (Male) ×3 |
| 24:54 | Build | Outpost |
| 24:59 | Build | Farm |
| 25:00 | Build | Farm |
| 25:11 | Build | Farm |
| 25:24 | Create | Chakram Thrower |
| 25:25 | Create | Chakram Thrower |
| 25:29 | Create | Villager (Male) |
| 25:30 | Create | Villager (Male) |
| 25:32 | Create | Villager (Male) |
| 25:41 | Build | Farm |
| 25:43 | Build | Farm |
| 25:46 | Build | Farm |
| 26:11 | Create | Villager (Male) ×4 |
| 26:27 | Create | Villager (Male) |
| 26:28 | Create | Villager (Male) |
| 26:28 | Create | Villager (Male) |
| 26:32 | Build | House |
| 27:29 | Build | Castle |
| 27:46 | Create | Villager (Male) ×5 |
| 27:52 | Build | Farm |
| 27:53 | Build | Farm |
| 27:54 | Build | Farm |
| 27:55 | Build | Farm |
| 27:57 | Build | Farm |
| 27:58 | Build | Farm |
| 27:59 | Create | Villager (Male) |
| 28:15 | Create | Fishing Ship |
| 28:20 | Create | Villager (Male) |
| 28:23 | Build | Farm |
| 28:23 | Build | Farm |
| 28:24 | Build | Farm |
| 28:25 | Build | Farm |
| 28:27 | Build | Farm |
| 28:28 | Build | Farm |
| 28:30 | Build | Monastery |
| 28:32 | Build | Lumber Camp |
| 28:34 | Create | Villager (Male) |
| 28:38 | Research | Horse Collar |
Build order — OIDA | onkyox
First 150 of 517 actions detected
| 0:02 | Create | Villager (Male) |
| 0:02 | Create | Villager (Male) |
| 0:03 | Build | House |
| 0:04 | Build | House |
| 0:43 | Create | Villager (Male) |
| 0:44 | Create | Villager (Male) |
| 0:44 | Create | Villager (Male) |
| 1:42 | Create | Villager (Male) |
| 1:45 | Build | Lumber Camp |
| 2:02 | Create | Villager (Male) |
| 2:30 | Create | Villager (Male) |
| 2:59 | Create | Villager (Male) |
| 3:20 | Create | Villager (Male) |
| 3:47 | Create | Villager (Male) |
| 4:09 | Create | Villager (Male) |
| 4:19 | Build | Dock |
| 4:36 | Create | Villager (Male) |
| 5:06 | Build | House |
| 5:10 | Create | Villager (Male) |
| 5:10 | Create | Villager (Male) |
| 5:12 | Create | Fishing Ship |
| 5:21 | Build | Palisade Wall |
| 5:33 | Create | Villager (Male) |
| 5:53 | Create | Villager (Male) |
| 6:28 | Create | Villager (Male) |
| 6:52 | Research | Loom |
| 7:00 | Create | Fishing Ship |
| 7:01 | Create | Fishing Ship |
| 7:04 | Build | House |
| 7:23 | Create | Villager (Male) |
| 8:08 | Research | Feudal Age |
| 8:13 | Build | Palisade Wall |
| 8:16 | Build | Palisade Wall |
| 8:30 | Build | Lumber Camp |
| 8:41 | Create | Villager (Male) |
| 9:01 | Create | Villager (Male) |
| 9:51 | Build | Barracks |
| 9:56 | Build | Palisade Wall |
| 9:57 | Build | Palisade Wall |
| 10:07 | Build | House |
| 10:12 | Build | Palisade Wall |
| 10:13 | Build | Palisade Wall |
| 10:18 | Age | Feudal Age |
| 10:39 | Build | Archery Range |
| 10:40 | Create | Militia |
| 10:50 | Create | Villager (Male) |
| 11:22 | Create | Villager (Male) |
| 11:39 | Create | Archer |
| 11:43 | Build | Mining Camp |
| 11:53 | Research | Double-Bit Axe |
| 11:55 | Create | Villager (Male) |
| 12:06 | Create | Villager (Male) |
| 12:17 | Build | Palisade Wall |
| 12:26 | Create | Villager (Male) |
| 12:43 | Build | House |
| 12:45 | Build | House |
| 13:10 | Build | Palisade Wall |
| 13:21 | Create | Villager (Male) |
| 13:22 | Create | Archer |
| 13:27 | Create | Villager (Male) |
| 13:28 | Create | Archer |
| 13:54 | Create | Fishing Ship |
| 13:54 | Create | Fishing Ship |
| 14:03 | Build | House |
| 14:08 | Build | House |
| 14:22 | Create | Villager (Male) |
| 14:33 | Build | Mill |
| 14:45 | Create | Villager (Male) |
| 14:58 | Create | Villager (Male) |
| 15:00 | Create | Fishing Ship |
| 15:24 | Build | Dock |
| 15:37 | Create | Villager (Male) |
| 15:46 | Create | Fishing Ship |
| 15:56 | Build | Farm |
| 15:57 | Build | Farm |
| 16:04 | Create | Villager (Male) |
| 16:10 | Create | Villager (Male) |
| 16:22 | Create | Archer |
| 16:23 | Create | Archer |
| 16:37 | Create | Archer |
| 16:46 | Build | Lumber Camp |
| 16:57 | Create | Villager (Male) |
| 16:58 | Create | Villager (Male) |
| 17:12 | Create | Fishing Ship |
| 17:33 | Create | Villager (Male) |
| 17:42 | Create | Villager (Male) |
| 18:02 | Build | Market |
| 18:33 | Build | House |
| 18:41 | Create | Skirmisher |
| 18:42 | Create | Skirmisher |
| 19:10 | Build | Blacksmith |
| 19:20 | Build | Watch Tower |
| 19:27 | Create | Villager (Male) |
| 19:43 | Create | Skirmisher |
| 19:53 | Create | Villager (Male) |
| 19:59 | Research | Castle Age |
| 20:12 | Create | Villager (Male) |
| 20:39 | Research | Fletching |
| 20:59 | Create | Archer |
| 21:09 | Build | Archery Range |
| 21:16 | Create | Fishing Ship |
| 21:24 | Create | Archer |
| 21:24 | Create | Skirmisher |
| 21:40 | Research | Padded Archer Armor |
| 21:45 | Build | Mining Camp |
| 22:28 | Create | Villager (Male) |
| 22:33 | Build | Farm |
| 22:49 | Create | Archer |
| 22:55 | Create | Archer |
| 22:58 | Age | Castle Age |
| 22:59 | Research | Bodkin Arrow |
| 22:59 | Research | Bodkin Arrow |
| 23:00 | Research | Crossbowman (upgrade) |
| 23:17 | Build | Siege Workshop |
| 23:32 | Build | House |
| 23:45 | Build | Outpost |
| 23:50 | Build | Outpost |
| 23:59 | Create | Villager (Male) |
| 24:00 | Create | Archer |
| 24:00 | Create | Archer |
| 24:00 | Create | Archer |
| 24:02 | Create | Archer |
| 24:02 | Create | Archer |
| 24:15 | Build | Farm |
| 24:16 | Build | Farm |
| 24:17 | Build | Farm |
| 24:33 | Create | Battering Ram |
| 24:40 | Build | House |
| 24:57 | Build | Outpost |
| 24:58 | Research | Town Watch |
| 25:01 | Build | House |
| 25:28 | Build | House |
| 25:33 | Build | House |
| 26:01 | Create | Villager (Male) |
| 26:08 | Create | Archer |
| 26:08 | Create | Archer |
| 26:17 | Create | Villager (Male) |
| 26:18 | Create | Archer |
| 26:19 | Create | Archer |
| 26:46 | Create | Villager (Male) |
| 27:13 | Create | Villager (Male) |
| 27:13 | Create | Villager (Male) |
| 27:13 | Create | Villager (Male) |
| 27:13 | Create | Villager (Male) |
| 27:15 | Create | Archer |
| 27:16 | Create | Archer |
| 27:20 | Build | Mining Camp |
| 27:33 | Build | Dock |
| 27:55 | Create | Villager (Male) |
| 27:55 | Create | Archer |
Build order — Fs.JonyBravo
First 150 of 345 actions detected
| 0:01 | Create | Villager (Male) |
| 0:02 | Create | Villager (Male) |
| 0:02 | Create | Villager (Male) |
| 0:03 | Build | House |
| 0:11 | Create | Villager (Male) |
| 0:11 | Create | Villager (Male) |
| 1:20 | Create | Villager (Male) |
| 1:20 | Create | Villager (Male) |
| 1:53 | Build | Lumber Camp |
| 1:58 | Create | Villager (Male) |
| 1:58 | Create | Villager (Male) |
| 2:20 | Create | Villager (Male) |
| 2:21 | Create | Villager (Male) |
| 2:57 | Create | Villager (Male) |
| 2:57 | Create | Villager (Male) |
| 2:57 | Create | Villager (Male) |
| 3:23 | Create | Villager (Male) |
| 3:24 | Create | Villager (Male) |
| 3:27 | Build | House |
| 3:52 | Create | Villager (Male) |
| 3:53 | Create | Villager (Male) |
| 4:16 | Create | Villager (Male) |
| 4:17 | Create | Villager (Male) |
| 5:00 | Create | Villager (Male) |
| 5:00 | Create | Villager (Male) |
| 5:27 | Create | Villager (Male) |
| 5:31 | Build | Mining Camp |
| 5:58 | Build | Barracks |
| 6:20 | Research | Loom |
| 7:11 | Research | Feudal Age |
| 7:14 | Build | House |
| 7:47 | Build | House |
| 7:53 | Create | Militia |
| 7:54 | Create | Militia |
| 7:54 | Create | Militia |
| 8:05 | Create | Militia |
| 8:05 | Create | Militia |
| 8:06 | Create | Militia |
| 8:38 | Create | Militia |
| 8:38 | Create | Militia |
| 8:38 | Create | Militia |
| 8:39 | Create | Militia |
| 8:39 | Create | Militia |
| 8:39 | Create | Militia |
| 9:21 | Age | Feudal Age |
| 9:23 | Research | Man-at-Arms (upgrade) |
| 9:23 | Research | Man-at-Arms (upgrade) |
| 9:26 | Create | Villager (Male) |
| 9:31 | Create | Villager (Male) |
| 10:13 | Create | Villager (Male) |
| 10:17 | Build | Mill |
| 10:20 | Create | Villager (Male) |
| 10:47 | Build | Pasture |
| 10:49 | Build | Pasture |
| 11:05 | Build | House |
| 11:06 | Build | House |
| 11:17 | Create | Villager (Male) |
| 11:31 | Create | Militia |
| 11:31 | Create | Militia |
| 11:47 | Build | Pasture |
| 11:56 | Create | Villager (Male) |
| 11:56 | Create | Villager (Male) |
| 11:57 | Create | Villager (Male) |
| 11:59 | Build | House |
| 12:30 | Create | Villager (Male) |
| 12:33 | Build | House |
| 12:35 | Create | Militia |
| 12:35 | Create | Militia |
| 12:43 | Build | Pasture |
| 13:10 | Create | Militia |
| 13:10 | Create | Villager (Male) |
| 13:11 | Create | Villager (Male) |
| 13:23 | Build | Archery Range |
| 13:51 | Create | Villager (Male) |
| 13:52 | Research | Double-Bit Axe |
| 13:52 | Research | Double-Bit Axe |
| 14:21 | Create | Villager (Male) |
| 14:27 | Build | Archery Range |
| 14:35 | Create | Villager (Male) |
| 14:47 | Create | Villager (Male) |
| 14:49 | Build | Pasture |
| 14:51 | Create | Villager (Male) |
| 14:54 | Create | Villager (Male) |
| 14:58 | Create | Archer |
| 14:59 | Create | Archer |
| 14:59 | Create | Archer |
| 14:59 | Create | Archer |
| 15:16 | Create | Villager (Male) |
| 15:17 | Create | Villager (Male) |
| 15:37 | Create | Archer |
| 15:38 | Create | Archer |
| 15:38 | Create | Archer |
| 15:56 | Create | Archer |
| 15:56 | Create | Archer |
| 15:56 | Create | Archer |
| 15:56 | Create | Archer |
| 16:02 | Create | Villager (Male) |
| 16:08 | Build | House |
| 16:09 | Build | House |
| 16:20 | Create | Villager (Male) |
| 16:38 | Create | Villager (Male) |
| 16:46 | Build | Blacksmith |
| 17:15 | Research | Fletching |
| 17:16 | Research | Fletching |
| 17:17 | Research | Padded Archer Armor |
| 17:17 | Research | Padded Archer Armor |
| 17:18 | Research | Padded Archer Armor |
| 17:23 | Create | Archer |
| 17:23 | Create | Archer |
| 18:03 | Create | Villager (Male) |
| 18:58 | Create | Villager (Male) |
| 18:58 | Create | Villager (Male) |
| 19:00 | Create | Archer |
| 19:00 | Create | Archer |
| 19:16 | Create | Archer |
| 19:16 | Create | Archer |
| 19:17 | Create | Villager (Male) |
| 19:29 | Create | Villager (Male) |
| 19:33 | Build | Pasture |
| 19:48 | Build | Lumber Camp |
| 19:56 | Build | House |
| 19:57 | Build | House |
| 20:36 | Build | Lumber Camp |
| 21:01 | Build | Stable |
| 21:02 | Build | Stable |
| 21:12 | Build | Pasture |
| 21:20 | Research | Castle Age |
| 21:21 | Research | Castle Age |
| 21:21 | Research | Castle Age |
| 21:34 | Build | Pasture |
| 22:32 | Research | Tech 1014 |
| 22:32 | Research | Tech 1014 |
| 22:38 | Build | Stable |
| 22:47 | Research | Gold Mining |
| 22:47 | Research | Gold Mining |
| 22:47 | Research | Gold Mining |
| 22:52 | Build | Pasture |
| 22:58 | Build | Lumber Camp |
| 23:16 | Research | Scale Barding Armor |
| 23:17 | Research | Forging |
| 23:29 | Build | Pasture |
| 24:00 | Age | Castle Age |
| 24:05 | Create | Steppe Lancer |
| 24:05 | Create | Steppe Lancer |
| 24:06 | Create | Steppe Lancer |
| 24:06 | Create | Steppe Lancer |
| 24:06 | Create | Steppe Lancer |
| 24:06 | Create | Steppe Lancer |
| 24:07 | Create | Steppe Lancer |
| 24:40 | Create | Villager (Male) |
Build order — OIDA | Tasty
First 150 of 494 actions detected
| 0:01 | Create | Villager (Male) ×4 |
| 0:02 | Build | House |
| 0:04 | Build | House |
| 1:24 | Create | Villager (Male) |
| 1:24 | Create | Villager (Male) |
| 1:58 | Create | Villager (Male) |
| 2:12 | Create | Villager (Male) |
| 2:29 | Build | Lumber Camp |
| 3:01 | Create | Villager (Male) |
| 3:01 | Create | Villager (Male) |
| 3:38 | Create | Villager (Male) |
| 3:39 | Create | Villager (Male) |
| 3:39 | Create | Villager (Male) |
| 4:15 | Build | Dock |
| 4:29 | Create | Villager (Male) |
| 4:31 | Create | Villager (Male) |
| 4:53 | Build | House |
| 5:06 | Create | Fishing Ship |
| 5:23 | Create | Villager (Male) |
| 5:28 | Create | Villager (Male) |
| 5:51 | Create | Fishing Ship |
| 6:00 | Create | Villager (Male) |
| 6:00 | Create | Villager (Male) |
| 6:09 | Build | House |
| 6:32 | Create | Fishing Ship |
| 6:36 | Create | Villager (Male) |
| 6:39 | Create | Villager (Male) |
| 6:40 | Create | Villager (Male) |
| 6:51 | Build | Lumber Camp |
| 6:57 | Create | Fishing Ship |
| 7:00 | Create | Villager (Male) |
| 7:28 | Create | Villager (Male) |
| 7:30 | Create | Fishing Ship |
| 7:38 | Create | Villager (Male) |
| 7:43 | Build | House |
| 7:51 | Create | Villager (Male) |
| 8:08 | Create | Villager (Male) |
| 8:17 | Build | Dock |
| 8:26 | Create | Fishing Ship |
| 8:37 | Create | Villager (Male) |
| 8:52 | Research | Loom |
| 8:55 | Build | Mining Camp |
| 9:14 | Create | Fishing Ship |
| 9:16 | Create | Fishing Ship |
| 9:41 | Research | Feudal Age |
| 9:57 | Build | Mill |
| 10:23 | Create | Fishing Ship |
| 10:24 | Create | Fishing Ship |
| 10:27 | Build | House |
| 10:31 | Build | House |
| 11:22 | Create | Villager (Male) |
| 11:51 | Age | Feudal Age |
| 11:54 | Build | Market |
| 11:58 | Build | Blacksmith |
| 12:16 | Create | Villager (Male) |
| 12:39 | Build | Dock |
| 12:47 | Research | Castle Age |
| 13:18 | Research | Fletching |
| 13:36 | Research | Double-Bit Axe |
| 13:59 | Research | Gold Mining |
| 14:26 | Create | Villager (Male) |
| 14:42 | Research | Tech 906 |
| 15:04 | Create | Villager (Male) |
| 15:15 | Build | House |
| 15:27 | Age | Castle Age |
| 15:29 | Research | Bodkin Arrow |
| 15:31 | Create | Caravel |
| 15:31 | Create | Caravel |
| 15:32 | Create | Caravel |
| 15:48 | Create | Villager (Male) |
| 15:51 | Build | Monastery |
| 15:54 | Create | Villager (Male) |
| 15:55 | Research | Bow Saw |
| 15:58 | Create | Caravel |
| 15:58 | Create | Caravel |
| 15:58 | Create | Caravel |
| 16:10 | Create | Villager (Male) |
| 16:12 | Build | University |
| 16:14 | Create | Villager (Male) |
| 16:23 | Create | Caravel |
| 16:39 | Create | Villager (Male) |
| 16:45 | Create | Villager (Male) |
| 16:47 | Create | Monk |
| 16:56 | Create | Villager (Male) |
| 16:57 | Build | House |
| 16:59 | Build | House |
| 17:07 | Create | Villager (Male) |
| 17:09 | Create | Monk |
| 17:13 | Build | Palisade Wall |
| 17:28 | Build | Palisade Wall |
| 17:30 | Build | Palisade Wall |
| 17:33 | Build | Palisade Wall |
| 17:36 | Build | Palisade Wall |
| 17:38 | Build | Palisade Wall |
| 17:43 | Build | House |
| 17:47 | Build | Palisade Wall |
| 17:50 | Build | Palisade Wall |
| 17:52 | Create | Villager (Male) |
| 18:11 | Create | Caravel |
| 18:11 | Create | Caravel |
| 18:11 | Create | Caravel |
| 18:24 | Create | Villager (Male) |
| 18:33 | Build | Palisade Wall |
| 18:34 | Build | Palisade Wall |
| 18:38 | Create | Villager (Male) |
| 18:42 | Build | House |
| 18:54 | Create | Caravel |
| 18:54 | Create | Caravel |
| 18:54 | Create | Caravel |
| 18:58 | Create | Villager (Male) |
| 19:02 | Build | Town Center |
| 19:04 | Create | Villager (Male) |
| 19:13 | Research | Sanctity |
| 19:35 | Create | Villager (Male) |
| 19:48 | Create | Villager (Male) |
| 19:57 | Build | Siege Workshop |
| 19:58 | Create | Villager (Male) |
| 20:05 | Create | Villager (Male) |
| 20:08 | Create | Monk |
| 20:12 | Build | Monastery |
| 20:15 | Create | Villager (Male) |
| 20:21 | Create | Villager (Male) |
| 20:26 | Create | Villager (Male) |
| 20:29 | Create | Monk |
| 20:42 | Create | Villager (Male) |
| 20:46 | Create | Scorpion |
| 20:53 | Build | Palisade Wall |
| 20:58 | Create | Villager (Male) |
| 21:00 | Build | Barracks |
| 21:07 | Create | Villager (Male) |
| 21:11 | Create | Villager (Male) |
| 21:21 | Create | Villager (Male) |
| 21:27 | Create | Villager (Male) |
| 21:33 | Build | House |
| 21:39 | Create | Villager (Male) |
| 21:46 | Create | Monk |
| 21:50 | Create | Villager (Male) |
| 22:09 | Create | Villager (Male) |
| 22:20 | Build | Town Center |
| 22:21 | Create | Villager (Male) |
| 22:25 | Create | Villager (Male) |
| 22:32 | Create | Mangonel |
| 22:35 | Create | Villager (Male) |
| 22:44 | Build | House |
| 22:44 | Create | Villager (Male) |
| 22:48 | Create | Villager (Male) |
| 22:50 | Build | House |
| 22:51 | Build | House |
| 22:58 | Create | Villager (Male) |
| 23:01 | Build | House |
Build order — Exile | I am Klecius Official
First 150 of 309 actions detected
| 0:00 | Create | Villager (Male) |
| 0:01 | Create | Villager (Male) |
| 0:01 | Create | Villager (Male) |
| 0:01 | Create | Villager (Male) |
| 0:01 | Create | Villager (Male) |
| 0:03 | Build | House |
| 0:04 | Build | House |
| 0:53 | Build | Barracks |
| 1:07 | Create | Villager (Male) |
| 1:59 | Create | Villager (Male) |
| 2:14 | Create | Unit 2550 |
| 2:23 | Create | Villager (Male) |
| 2:40 | Research | Loom |
| 2:40 | Research | Loom |
| 2:40 | Research | Loom |
| 2:47 | Create | Villager (Male) |
| 3:17 | Create | Unit 2550 |
| 3:17 | Create | Unit 2550 |
| 3:26 | Research | Loom |
| 3:26 | Research | Loom |
| 3:26 | Research | Loom |
| 3:26 | Research | Loom |
| 3:31 | Create | Villager (Male) |
| 3:32 | Create | Villager (Male) |
| 3:53 | Create | Villager (Male) |
| 3:54 | Create | Villager (Male) |
| 4:13 | Create | Villager (Male) |
| 4:33 | Create | Villager (Male) |
| 4:46 | Create | Villager (Male) |
| 4:46 | Create | Villager (Male) |
| 4:46 | Create | Villager (Male) |
| 5:06 | Create | Villager (Male) |
| 5:06 | Create | Villager (Male) |
| 5:30 | Create | Villager (Male) |
| 5:30 | Create | Villager (Male) |
| 5:34 | Build | House |
| 5:52 | Create | Villager (Male) |
| 5:52 | Create | Villager (Male) |
| 6:32 | Build | Settlement |
| 6:41 | Create | Villager (Male) |
| 6:42 | Create | Villager (Male) |
| 6:42 | Create | Villager (Male) |
| 6:42 | Create | Villager (Male) |
| 6:42 | Create | Villager (Male) |
| 7:06 | Build | Outpost |
| 7:40 | Build | Outpost |
| 7:45 | Build | House |
| 7:51 | Build | House |
| 8:14 | Create | Villager (Male) |
| 8:14 | Create | Villager (Male) |
| 8:14 | Create | Villager (Male) |
| 8:15 | Create | Villager (Male) |
| 8:15 | Create | Villager (Male) |
| 8:15 | Create | Villager (Male) |
| 8:30 | Build | Palisade Wall |
| 8:46 | Build | Palisade Wall |
| 9:05 | Build | Settlement |
| 9:56 | Build | Farm |
| 9:58 | Build | Farm |
| 9:59 | Build | Farm |
| 10:08 | Create | Villager (Male) |
| 10:57 | Build | Farm |
| 11:03 | Build | Farm |
| 11:23 | Build | Farm |
| 11:31 | Build | House |
| 11:32 | Build | Palisade Wall |
| 11:33 | Build | Palisade Wall |
| 11:37 | Build | Palisade Wall |
| 11:38 | Build | Palisade Wall |
| 11:45 | Build | Palisade Wall |
| 11:46 | Build | Palisade Wall |
| 11:51 | Build | Farm |
| 11:57 | Research | Feudal Age |
| 12:13 | Build | Palisade Wall |
| 12:20 | Build | Palisade Wall |
| 12:52 | Build | Settlement |
| 13:18 | Create | Villager (Male) |
| 13:22 | Build | Farm |
| 13:43 | Build | House |
| 13:46 | Build | Palisade Wall |
| 13:50 | Build | House |
| 14:07 | Age | Feudal Age |
| 14:33 | Create | Villager (Male) |
| 14:39 | Build | Market |
| 14:43 | Build | Blacksmith |
| 14:52 | Create | Villager (Male) |
| 15:00 | Build | Farm |
| 15:08 | Build | Palisade Wall |
| 15:17 | Build | House |
| 15:36 | Build | House |
| 15:38 | Build | Palisade Wall |
| 15:46 | Create | Villager (Male) |
| 15:51 | Build | Archery Range |
| 15:57 | Build | Archery Range |
| 15:58 | Create | Villager (Male) |
| 15:59 | Create | Villager (Male) |
| 17:00 | Research | Castle Age |
| 17:17 | Build | House |
| 17:32 | Build | Archery Range |
| 17:41 | Create | Villager (Male) |
| 17:58 | Build | Watch Tower |
| 18:09 | Build | House |
| 18:34 | Create | Archer |
| 18:34 | Create | Archer |
| 18:36 | Create | Villager (Male) |
| 19:03 | Create | Archer |
| 19:03 | Create | Archer |
| 19:05 | Create | Villager (Male) |
| 19:07 | Research | Fletching |
| 19:31 | Build | Palisade Wall |
| 19:40 | Age | Castle Age |
| 19:43 | Create | Archer |
| 19:43 | Create | Archer |
| 20:12 | Build | Stone Wall |
| 20:13 | Build | Stone Wall |
| 20:14 | Build | Stone Wall |
| 20:16 | Build | Stone Wall |
| 20:21 | Build | Stone Wall |
| 20:31 | Create | Villager (Male) |
| 20:55 | Build | Town Center |
| 21:34 | Research | Bodkin Arrow |
| 21:39 | Create | Archer |
| 21:39 | Create | Archer |
| 22:11 | Create | Archer |
| 22:11 | Create | Archer |
| 22:24 | Create | Villager (Male) |
| 22:24 | Create | Villager (Male) |
| 22:24 | Create | Villager (Male) |
| 22:25 | Create | Villager (Male) |
| 24:14 | Build | Town Center |
| 24:53 | Build | Siege Workshop |
| 25:00 | Create | Villager (Male) |
| 25:00 | Create | Villager (Male) |
| 25:01 | Create | Villager (Male) |
| 25:15 | Build | Siege Workshop |
| 25:59 | Build | Settlement |
| 26:06 | Build | Farm |
| 26:09 | Build | Farm |
| 26:32 | Create | Villager (Male) |
| 26:33 | Create | Villager (Male) |
| 27:43 | Create | Mangonel |
| 27:44 | Create | Mangonel |
| 28:01 | Create | Villager (Male) |
| 28:01 | Create | Villager (Male) |
| 28:01 | Create | Villager (Male) |
| 28:28 | Create | Mangonel |
| 28:28 | Create | Mangonel |
| 29:15 | Build | Stone Wall |
| 29:42 | Build | Stone Wall |
| 29:46 | Build | Stone Wall |
Build order — OIDA | Brix
First 150 of 230 actions detected
| 0:01 | Create | Villager (Male) |
| 0:05 | Build | House |
| 0:12 | Create | Villager (Male) |
| 0:13 | Create | Villager (Male) |
| 0:13 | Create | Villager (Male) |
| 1:30 | Create | Villager (Male) |
| 1:53 | Build | Lumber Camp |
| 1:59 | Create | Villager (Male) |
| 2:02 | Create | Villager (Male) |
| 2:36 | Create | Villager (Male) |
| 3:16 | Create | Villager (Male) |
| 3:30 | Create | Villager (Male) |
| 3:43 | Build | House |
| 3:47 | Build | House |
| 4:22 | Create | Villager (Male) |
| 4:23 | Create | Villager (Male) |
| 5:08 | Build | Dock |
| 5:34 | Create | Villager (Male) |
| 5:34 | Create | Villager (Male) |
| 5:43 | Build | House |
| 5:48 | Create | Fishing Ship |
| 6:30 | Create | Villager (Male) |
| 6:46 | Create | Fishing Ship |
| 6:51 | Research | Loom |
| 7:20 | Research | Feudal Age |
| 7:20 | Research | Feudal Age |
| 8:00 | Create | Fishing Ship |
| 8:22 | Build | House |
| 8:53 | Build | Barracks |
| 9:12 | Build | Palisade Wall |
| 9:30 | Age | Feudal Age |
| 9:32 | Create | Villager (Male) |
| 9:32 | Create | Villager (Male) |
| 9:47 | Create | Villager (Male) |
| 9:56 | Build | Barracks |
| 9:57 | Research | Double-Bit Axe |
| 10:03 | Build | Mill |
| 10:04 | Create | Villager (Male) |
| 10:54 | Build | Archery Range |
| 10:56 | Build | Palisade Wall |
| 10:57 | Build | Palisade Wall |
| 10:59 | Build | Palisade Wall |
| 11:08 | Build | House |
| 11:10 | Create | Villager (Male) |
| 11:13 | Research | Horse Collar |
| 11:29 | Create | Villager (Male) |
| 11:47 | Build | Mining Camp |
| 11:50 | Create | Archer |
| 11:55 | Build | House |
| 12:01 | Research | Town Watch |
| 12:05 | Build | Outpost |
| 12:32 | Create | Villager (Male) |
| 12:32 | Create | Villager (Male) |
| 12:52 | Create | Archer |
| 12:52 | Create | Archer |
| 12:53 | Create | Villager (Male) |
| 12:59 | Create | Villager (Male) |
| 13:07 | Build | House |
| 13:32 | Build | Blacksmith |
| 13:45 | Create | Archer |
| 13:46 | Create | Villager (Male) |
| 13:48 | Build | Farm |
| 13:50 | Build | Farm |
| 13:53 | Build | Farm |
| 13:56 | Build | Farm |
| 13:57 | Build | Farm |
| 14:17 | Research | Fletching |
| 14:32 | Create | Villager (Male) |
| 14:39 | Build | Farm |
| 14:42 | Build | House |
| 14:43 | Create | Archer |
| 15:03 | Build | Archery Range |
| 15:17 | Create | Archer |
| 15:18 | Create | Villager (Male) |
| 15:21 | Build | Farm |
| 15:23 | Build | Farm |
| 15:26 | Build | Farm |
| 15:27 | Create | Villager (Male) |
| 15:48 | Create | Archer |
| 15:53 | Create | Villager (Male) |
| 16:15 | Build | Outpost |
| 16:19 | Create | Archer |
| 16:39 | Create | Villager (Male) |
| 16:43 | Build | Farm |
| 16:45 | Build | Farm |
| 16:48 | Build | Farm |
| 16:50 | Create | Villager (Male) |
| 17:25 | Create | Villager (Male) |
| 17:34 | Create | Archer |
| 17:34 | Create | Archer |
| 17:46 | Build | Market |
| 18:16 | Research | Castle Age |
| 18:25 | Create | Fishing Ship |
| 18:44 | Build | Watch Tower |
| 18:55 | Create | Archer |
| 19:12 | Build | Lumber Camp |
| 19:21 | Build | Lumber Camp |
| 19:26 | Build | Lumber Camp |
| 19:31 | Create | Archer |
| 19:31 | Create | Archer |
| 19:49 | Build | House |
| 19:51 | Build | House |
| 20:21 | Build | House |
| 20:22 | Build | House |
| 20:35 | Create | Transport Ship |
| 20:56 | Age | Castle Age |
| 21:03 | Build | Siege Workshop |
| 21:09 | Research | Bodkin Arrow |
| 21:47 | Create | Villager (Male) |
| 22:01 | Create | Mangonel |
| 22:54 | Create | Archer |
| 22:54 | Create | Archer |
| 22:57 | Research | Crossbowman (upgrade) |
| 24:44 | Build | Town Center |
| 24:58 | Build | Palisade Wall |
| 25:29 | Create | Villager (Male) |
| 25:29 | Create | Villager (Male) |
| 25:29 | Create | Villager (Male) |
| 25:29 | Create | Villager (Male) |
| 25:30 | Create | Villager (Male) |
| 29:38 | Build | Lumber Camp |
| 33:12 | Create | Mangonel |
| 33:17 | Build | Town Center |
| 33:31 | Create | Archer |
| 33:31 | Create | Archer |
| 34:55 | Create | Mangonel |
| 35:04 | Build | Market |
| 35:27 | Build | Farm |
| 35:30 | Build | Farm |
| 36:18 | Build | Farm |
| 36:20 | Build | Farm |
| 36:26 | Create | Villager (Male) |
| 36:26 | Create | Villager (Male) |
| 36:26 | Create | Villager (Male) |
| 36:27 | Create | Villager (Male) |
| 36:27 | Create | Villager (Male) |
| 36:41 | Build | Monastery |
| 36:57 | Build | University |
| 37:22 | Create | Villager (Male) |
| 37:23 | Create | Villager (Male) |
| 37:23 | Create | Villager (Male) |
| 37:54 | Research | Ballistics |
| 38:17 | Create | Villager (Male) |
| 38:18 | Create | Villager (Male) |
| 38:18 | Create | Villager (Male) |
| 38:31 | Create | Monk |
| 38:34 | Build | House |
| 38:34 | Build | House |
| 38:34 | Build | House |
| 38:42 | Research | Redemption |
Match timeline
| 0:53 | Exile | I am Klecius Official · first_building Barracks |
| 4:15 | OIDA | Tasty · first_building Dock |
| 4:19 | OIDA | onkyox · first_building Dock |
| 5:08 | OIDA | Brix · first_building Dock |
| 5:21 | OIDA | onkyox · wall_segment Palisade Wall x1 |
| 5:58 | Fs.JonyBravo · first_building Barracks |
| 7:11 | Five · first_building Dock |
| 8:13 | OIDA | onkyox · wall_segment Palisade Wall x2 |
| 8:16 | OIDA | onkyox · wall_segment Palisade Wall x1 |
| 8:30 | Exile | I am Klecius Official · wall_segment Palisade Wall x1 |
| 8:46 | Exile | I am Klecius Official · wall_segment Palisade Wall x1 |
| 8:52 | Five · age_up feudal |
| 8:53 | OIDA | Brix · first_building Barracks |
| 9:12 | OIDA | Brix · wall_segment Palisade Wall x1 |
| 9:21 | Fs.JonyBravo · age_up feudal |
| 9:30 | OIDA | Brix · age_up feudal |
| 9:51 | OIDA | onkyox · first_building Barracks |
| 9:56 | OIDA | onkyox · wall_segment Palisade Wall x1 |
| 9:57 | OIDA | onkyox · wall_segment Palisade Wall x1 |
| 10:12 | OIDA | onkyox · wall_segment Palisade Wall x1 |
| 10:13 | OIDA | onkyox · wall_segment Palisade Wall x1 |
| 10:18 | OIDA | onkyox · age_up feudal |
| 10:39 | OIDA | onkyox · first_building Archery Range |
| 10:54 | OIDA | Brix · first_building Archery Range |
| 10:56 | OIDA | Brix · wall_segment Palisade Wall x1 |
| 10:57 | OIDA | Brix · wall_segment Palisade Wall x1 |
| 10:59 | OIDA | Brix · wall_segment Palisade Wall x1 |
| 11:32 | Exile | I am Klecius Official · wall_segment Palisade Wall x1 |
| 11:33 | Exile | I am Klecius Official · wall_segment Palisade Wall x6 |
| 11:37 | Exile | I am Klecius Official · wall_segment Palisade Wall x1 |
| 11:38 | Exile | I am Klecius Official · wall_segment Palisade Wall x4 |
| 11:45 | Exile | I am Klecius Official · wall_segment Palisade Wall x9 |
| 11:46 | Exile | I am Klecius Official · wall_segment Palisade Wall x1 |
| 11:51 | OIDA | Tasty · age_up feudal |
| 12:13 | Exile | I am Klecius Official · wall_segment Palisade Wall x1 |
| 12:17 | OIDA | onkyox · wall_segment Palisade Wall x1 |
| 12:20 | Exile | I am Klecius Official · wall_segment Palisade Wall x1 |
| 13:10 | OIDA | onkyox · wall_segment Palisade Wall x1 |
| 13:23 | Fs.JonyBravo · first_building Archery Range |
| 13:46 | Exile | I am Klecius Official · wall_segment Palisade Wall x1 |
| 14:07 | Exile | I am Klecius Official · age_up feudal |
| 15:08 | Exile | I am Klecius Official · wall_segment Palisade Wall x1 |
| 15:27 | OIDA | Tasty · age_up castle |
| 15:38 | Exile | I am Klecius Official · wall_segment Palisade Wall x1 |
| 15:51 | OIDA | Tasty · first_building Monastery |
| 15:51 | Exile | I am Klecius Official · first_building Archery Range |
| 17:13 | OIDA | Tasty · wall_segment Palisade Wall x1 |
| 17:28 | OIDA | Tasty · wall_segment Palisade Wall x1 |
| 17:30 | OIDA | Tasty · wall_segment Palisade Wall x1 |
| 17:33 | OIDA | Tasty · wall_segment Palisade Wall x1 |
| 17:36 | OIDA | Tasty · wall_segment Palisade Wall x1 |
| 17:38 | OIDA | Tasty · wall_segment Palisade Wall x1 |
| 17:47 | OIDA | Tasty · wall_segment Palisade Wall x4 |
| 17:50 | OIDA | Tasty · wall_segment Palisade Wall x1 |
| 18:33 | OIDA | Tasty · wall_segment Palisade Wall x1 |
| 18:34 | OIDA | Tasty · wall_segment Palisade Wall x1 |
| 18:40 | Exile | I am Klecius Official · first_market_buy 100 wood |
| 19:06 | Five · age_up castle |
| 19:11 | OIDA | Tasty · first_market_sell 100 food |
| 19:23 | Five · first_building Castle |
| 19:31 | Exile | I am Klecius Official · wall_segment Palisade Wall x1 |
| 19:40 | Exile | I am Klecius Official · age_up castle |
| 19:57 | OIDA | Tasty · first_building Siege Workshop |
| 19:58 | OIDA | onkyox · first_market_buy 100 food |
| 20:12 | Exile | I am Klecius Official · wall_segment Stone Wall x1 |
| 20:13 | Exile | I am Klecius Official · wall_segment Stone Wall x1 |
| 20:14 | Exile | I am Klecius Official · wall_segment Stone Wall x1 |
| 20:16 | Exile | I am Klecius Official · wall_segment Stone Wall x1 |
| 20:21 | Exile | I am Klecius Official · wall_segment Stone Wall x1 |
| 20:27 | Five · first_building Siege Workshop |
| 20:53 | OIDA | Tasty · wall_segment Palisade Wall x1 |
| 20:56 | OIDA | Brix · age_up castle |
| 21:00 | OIDA | Tasty · first_building Barracks |
| 21:01 | Fs.JonyBravo · first_building Stable |
| 21:03 | OIDA | Brix · first_building Siege Workshop |
| 21:56 | OIDA | Brix · first_market_sell 100 food |
| 22:00 | OIDA | Brix · first_market_buy 100 wood |
| 22:36 | OIDA | onkyox · first_market_sell 100 wood |
| 22:58 | OIDA | onkyox · age_up castle |
| 23:10 | Exile | I am Klecius Official · first_market_sell 500 food |
| 23:17 | OIDA | onkyox · first_building Siege Workshop |
| 24:00 | Fs.JonyBravo · age_up castle |
| 24:10 | Five · tribute_sent a jugador 1 |
| 24:10 | Five · tribute_sent a jugador 2 |
| 24:10 | Five · tribute_sent a jugador 3 |
| 24:10 | Five · tribute_sent a jugador 4 |
| 24:10 | Five · tribute_sent a jugador 5 |
| 24:17 | OIDA | Tasty · tribute_sent a jugador 1 |
| 24:17 | OIDA | Tasty · tribute_sent a jugador 2 |
| 24:17 | OIDA | Tasty · tribute_sent a jugador 4 |
| 24:17 | OIDA | Tasty · tribute_sent a jugador 5 |
| 24:17 | OIDA | Tasty · tribute_sent a jugador 6 |
| 24:38 | OIDA | Tasty · tribute_sent a jugador 1 |
| 24:38 | OIDA | Tasty · tribute_sent a jugador 2 |
| 24:38 | OIDA | Tasty · tribute_sent a jugador 4 |
| 24:38 | OIDA | Tasty · tribute_sent a jugador 5 |
| 24:38 | OIDA | Tasty · tribute_sent a jugador 6 |
| 24:53 | Exile | I am Klecius Official · first_building Siege Workshop |
| 24:58 | OIDA | Brix · wall_segment Palisade Wall x1 |
| 25:49 | Five · first_market_buy 100 stone |
| 26:58 | OIDA | Tasty · first_market_buy 100 stone |
| 27:02 | OIDA | Tasty · first_building Castle |
| 28:05 | Fs.JonyBravo · first_building Siege Workshop |
| 28:08 | OIDA | onkyox · tribute_sent a jugador 2 |
| 28:08 | OIDA | onkyox · tribute_sent a jugador 3 |
| 28:08 | OIDA | onkyox · tribute_sent a jugador 4 |
| 28:08 | OIDA | onkyox · tribute_sent a jugador 5 |
| 28:08 | OIDA | onkyox · tribute_sent a jugador 6 |
| 28:30 | Five · first_building Monastery |
| 29:15 | Exile | I am Klecius Official · wall_segment Stone Wall x1 |
| 29:42 | Exile | I am Klecius Official · wall_segment Stone Wall x1 |
| 29:46 | Exile | I am Klecius Official · wall_segment Stone Wall x1 |
| 30:05 | Fs.JonyBravo · first_market_buy 100 wood |
| 33:24 | Five · age_up imperial |
| 33:43 | Five · first_market_sell 500 stone |
| 34:31 | OIDA | Tasty · age_up imperial |
| 34:59 | OIDA | onkyox · first_building Castle |
| 35:07 | Fs.JonyBravo · first_building Dock |
| 36:41 | OIDA | Brix · first_building Monastery |
| 37:02 | Five · first_building Barracks |
| 38:35 | Fs.JonyBravo · first_building Castle |
| 39:05 | Exile | I am Klecius Official · first_building Castle |
| 39:19 | Five · first_building Stable |
| 39:39 | Fs.JonyBravo · first_market_sell 100 stone |
| 40:37 | OIDA | onkyox · age_up imperial |
| 41:49 | OIDA | Brix · first_building Castle |
| 42:50 | Fs.JonyBravo · age_up imperial |
| 43:26 | OIDA | onkyox · wall_segment Stone Wall x3 |
| 43:30 | OIDA | onkyox · wall_segment Stone Wall x1 |
| 43:31 | OIDA | onkyox · wall_segment Stone Wall x1 |
| 44:44 | OIDA | onkyox · first_building Monastery |
| 46:59 | Fs.JonyBravo · resign |
| 47:24 | Exile | I am Klecius Official · first_building Monastery |
| 48:40 | Exile | I am Klecius Official · wall_segment Stone Wall x9 |
| 48:51 | Exile | I am Klecius Official · wall_segment Stone Wall x1 |
| 49:56 | Exile | I am Klecius Official · wall_segment Stone Wall x1 |
| 57:36 | Exile | I am Klecius Official · first_building Dock |
| 59:44 | OIDA | Brix · tribute_sent a jugador 1 |
| 59:44 | OIDA | Brix · tribute_sent a jugador 2 |
| 59:44 | OIDA | Brix · tribute_sent a jugador 3 |
| 59:44 | OIDA | Brix · tribute_sent a jugador 4 |
| 59:44 | OIDA | Brix · tribute_sent a jugador 6 |
[ AI ANALYSIS · 1 CREDIT ]
What really happened in this match?
Wolo.gg analyzes every decision: build order, eco, micro, common mistakes by bracket. Personalized analysis on WhatsApp or Discord in 30 seconds.
Civ guide
Gurjaras
Perfil
Jugador #1141037